| TOP OF THE 1ST |
|
Portland Sea Dogs batting - Pitching for Montgomery Biscuits : RHP Miguel Romero
|
|
Pitching: RHP Miguel Romero
|
|
|
Batting: LHB Dave Reyes
|
0-0: Called Strike 0-1: Ball 1-1: Bunt missed! 1-2: Hit by Pitch
|
|
Batting: LHB Sergio Tinoco
|
0-0: Ball 1-0: Called Strike 1-1: Ball 2-1: Foul Ball, location: 2F 2-2: Strikes out looking
|
|
Batting: RHB Ernie Genier
|
0-0: Called Strike Dave Reyes is caught stealing 2nd base 2-4 0-1: Ball 1-1: Swinging Strike 1-2: Ground out 4-3 (Groundball, 4M, EV 87.5 MPH)
|
| Top of the 1st over - 0 runs, 0 hits, 0 errors, 0 left on base; Portland 0 - Montgomery 0 |
| BOTTOM OF THE 1ST |
|
Montgomery Biscuits batting - Pitching for Portland Sea Dogs : RHP Justin Swenson
|
|
Pitching: RHP Justin Swenson
|
|
|
Batting: RHB Khalil Walker
|
0-0: Called Strike 0-1: Ball 1-1: Foul Ball, location: 2F 1-2: Ball 2-2: Ball 3-2: Foul Ball, location: 2F 3-2: Strikes out looking
|
|
Batting: RHB Roberto Aispuro
|
0-0: Called Strike 0-1: Foul Ball, location: 2F 0-2: Strikes out swinging
|
|
Batting: LHB Eric Toney
|
0-0: Fly out, F7 (Flyball, 78M, EV 93.8 MPH)
|
| Bottom of the 1st over - 0 runs, 0 hits, 0 errors, 0 left on base; Portland 0 - Montgomery 0 |
| TOP OF THE 2ND |
|
Portland Sea Dogs batting - Pitching for Montgomery Biscuits : RHP Miguel Romero
|
|
Batting: LHB David Moore
|
0-0: Ball 1-0: Called Strike 1-1: Ball 2-1: Fly out, F8 (Flyball, 8RXD, EV 97.5 MPH)
|
|
Batting: RHB Alex Melendez
|
0-0: Called Strike 0-1: Foul Ball, location: 2F 0-2: Ball 1-2: Strikes out swinging
|
|
Batting: RHB Mike Batko
|
0-0: Called Strike 0-1: Swinging Strike 0-2: Ground out 6-3 (Groundball, 6, EV 93.1 MPH)
|
| Top of the 2nd over - 0 runs, 0 hits, 0 errors, 0 left on base; Portland 0 - Montgomery 0 |
| BOTTOM OF THE 2ND |
|
Montgomery Biscuits batting - Pitching for Portland Sea Dogs : RHP Justin Swenson
|
|
Batting: LHB Darryl Gonnella
|
0-0: Fly out, F7 (Flyball, 78D, EV 91.2 MPH)
|
|
Batting: RHB James Huddleston
|
0-0: Ball 1-0: Foul Ball, location: 2F 1-1: Ball 2-1: Foul Ball, location: 2F 2-2: Ball 3-2: Base on Balls
|
|
Batting: RHB John Downing
|
0-0: Foul Ball, location: 2F 0-1: Ball James Huddleston steals 2nd base (no throw) 1-1: Ball 2-1: Foul Ball, location: 2F 2-2: Strikes out swinging
|
|
Batting: RHB Freddy Mullen
|
0-0: Fly out, F8 (Flyball, 89S, EV 91.9 MPH)
|
| Bottom of the 2nd over - 0 runs, 0 hits, 0 errors, 1 left on base; Portland 0 - Montgomery 0 |
| TOP OF THE 3RD |
|
Portland Sea Dogs batting - Pitching for Montgomery Biscuits : RHP Miguel Romero
|
|
Batting: RHB Zi-jing Wang
|
0-0: Foul Ball, location: 2F 0-1: Foul Ball, location: 2F 0-2: Ball 1-2: Fly out, F9 (Flyball, 89M, EV 78.8 MPH)
|
|
Batting: SHB Gus Cruz
|
0-0: Called Strike 0-1: Ground out U3 (Groundball, 3, EV 82.5 MPH)
|
|
Batting: RHB Frank Sokolosky
|
0-0: Ball 1-0: Ground out 4-3 (Groundball, 4, EV 101.2 MPH)
|
| Top of the 3rd over - 0 runs, 0 hits, 0 errors, 0 left on base; Portland 0 - Montgomery 0 |
| BOTTOM OF THE 3RD |
|
Montgomery Biscuits batting - Pitching for Portland Sea Dogs : RHP Justin Swenson
|
|
Batting: RHB Dave Galloway
|
0-0: Ball 1-0: Ball 2-0: Fly out, F7 (Flyball, 78M, EV 83.8 MPH)
|
|
Batting: LHB Angel Ruvalcaba
|
0-0: Ball 1-0: SINGLE (Groundball, 25, EV 74.4 MPH) (infield hit)
|
|
Batting: RHB Khalil Walker
|
0-0: Called Strike Angel Ruvalcaba steals 2nd, throwing error, E2 Angel Ruvalcaba to third 0-1: Ball 1-1: Foul Ball, location: 2F 1-2: Foul Ball, location: 2F 1-2: Ground out 5-3 (Groundball, 56S, EV 87.5 MPH) Angel Ruvalcaba scores
|
|
Batting: RHB Roberto Aispuro
|
0-0: Fly out, F9 (Line Drive, 89M, EV 90.6 MPH)
|
| Bottom of the 3rd over - 1 run, 1 hit, 1 error, 0 left on base; Portland 0 - Montgomery 1 |
| TOP OF THE 4TH |
|
Portland Sea Dogs batting - Pitching for Montgomery Biscuits : RHP Miguel Romero
|
|
Batting: LHB Dave Reyes
|
0-0: Ground out 5-3 (Groundball, 15, EV 93.8 MPH)
|
|
Batting: LHB Sergio Tinoco
|
0-0: Ball 1-0: Swinging Strike 1-1: Foul Ball, location: 2F 1-2: Ball 2-2: Ball 3-2: Foul Ball, location: 2F 3-2: Strikes out swinging
|
|
Batting: RHB Ernie Genier
|
0-0: Called Strike 0-1: Ball 1-1: Called Strike 1-2: Strikes out swinging
|
| Top of the 4th over - 0 runs, 0 hits, 0 errors, 0 left on base; Portland 0 - Montgomery 1 |
| BOTTOM OF THE 4TH |
|
Montgomery Biscuits batting - Pitching for Portland Sea Dogs : RHP Justin Swenson
|
|
Batting: LHB Eric Toney
|
0-0: Called Strike 0-1: Called Strike 0-2: Foul Ball, location: 2F 0-2: Ball 1-2: Ground out U3 (Groundball, 13, EV 76.2 MPH)
|
|
Batting: LHB Darryl Gonnella
|
0-0: Ball 1-0: Foul Ball, location: 2F 1-1: Ball 2-1: Foul Ball, location: 2F 2-2: Foul Ball, location: 2F 2-2: Ball 3-2: Foul Ball, location: 2F 3-2: Foul Ball, location: 2F 3-2: Strikes out looking
|
|
Batting: RHB James Huddleston
|
0-0: Ball 1-0: Ball 2-0: Called Strike 2-1: SINGLE (Groundball, 6MD, EV 98.1 MPH) (infield hit)
|
|
Batting: RHB John Downing
|
0-0: Ball James Huddleston steals 2nd base 1-0: Ground out 6-3 (Groundball, 6, EV 78.8 MPH)
|
| Bottom of the 4th over - 0 runs, 1 hit, 0 errors, 1 left on base; Portland 0 - Montgomery 1 |
| TOP OF THE 5TH |
|
Portland Sea Dogs batting - Pitching for Montgomery Biscuits : RHP Miguel Romero
|
|
Batting: LHB David Moore
|
0-0: Foul Ball, location: 2F 0-1: Foul Ball, location: 2F 0-2: Foul Ball, location: 2F 0-2: Ball 1-2: Strikes out swinging
|
|
Batting: RHB Alex Melendez
|
0-0: Ball 1-0: Called Strike 1-1: Called Strike 1-2: Ball 2-2: Ball 3-2: Foul Ball, location: 2F 3-2: Fly out, F7 (Flyball, 78M, EV 81.9 MPH)
|
|
Batting: RHB Mike Batko
|
0-0: Foul Ball, location: 2F 0-1: Foul Ball, location: 2F 0-2: Ball 1-2: Strikes out looking
|
| Top of the 5th over - 0 runs, 0 hits, 0 errors, 0 left on base; Portland 0 - Montgomery 1 |
| BOTTOM OF THE 5TH |
|
Montgomery Biscuits batting - Pitching for Portland Sea Dogs : RHP Justin Swenson
|
|
Batting: RHB Freddy Mullen
|
0-0: Ball 1-0: Ball 2-0: Called Strike 2-1: Ball 3-1: Called Strike 3-2: Foul Ball, location: 2F 3-2: Foul Ball, location: 2F 3-2: Strikes out swinging
|
|
Batting: RHB Dave Galloway
|
0-0: Swinging Strike 0-1: Ball 1-1: Called Strike 1-2: Foul Ball, location: 2F 1-2: Foul Ball, location: 2F 1-2: Strikes out looking
|
|
Batting: LHB Angel Ruvalcaba
|
0-0: Foul Ball, location: 2F 0-1: Called Strike 0-2: Foul Ball, location: 2F 0-2: Ball 1-2: Foul Ball, location: 2F 1-2: Foul Ball, location: 2F 1-2: Foul Ball, location: 2F 1-2: Ball 2-2: Ball 3-2: Foul Ball, location: 2F 3-2: Strikes out swinging
|
| Bottom of the 5th over - 0 runs, 0 hits, 0 errors, 0 left on base; Portland 0 - Montgomery 1 |
| TOP OF THE 6TH |
|
Portland Sea Dogs batting - Pitching for Montgomery Biscuits : RHP Miguel Romero
|
|
Batting: RHB Zi-jing Wang
|
0-0: Ball 1-0: DOUBLE (Line Drive, 9LS, EV 105.6 MPH)
|
|
Batting: SHB Gus Cruz
|
0-0: Called Strike 0-1: Swinging Strike 0-2: Ground out 1-3 (Groundball, 15S, EV 71.9 MPH)
|
|
Batting: RHB Frank Sokolosky
|
0-0: Called Strike 0-1: Foul Ball, location: 2F 0-2: Ball 1-2: SINGLE (Groundball, 56D, EV 98.1 MPH) Zi-jing Wang to third Runner from 3rd tries for Home, throw by LF and OUT! 7-2
|
|
Batting: LHB Dave Reyes
|
0-0: Swinging Strike 0-1: Foul Ball, location: 2F 0-2: Ball 1-2: Ball 2-2: Ball 3-2: Foul Ball, location: 2F 3-2: Foul Ball, location: 2F 3-2: Fly out, F7 (Flyball, 7, EV 96.2 MPH)
|
| Top of the 6th over - 0 runs, 2 hits, 0 errors, 1 left on base; Portland 0 - Montgomery 1 |
| BOTTOM OF THE 6TH |
|
Montgomery Biscuits batting - Pitching for Portland Sea Dogs : RHP Justin Swenson
|
|
Batting: RHB Khalil Walker
|
0-0: Ball 1-0: Ball 2-0: Foul Ball, location: 2F 2-1: Swinging Strike 2-2: Ball 3-2: Hit by Pitch
|
|
Batting: RHB Roberto Aispuro
|
0-0: Ball 1-0: Called Strike 1-1: Ball 2-1: Called Strike 2-2: Ball 3-2: Base on Balls Khalil Walker to second
|
|
Pitching: RHP Juan Mejia
|
|
|
Batting: LHB Eric Toney
|
0-0: Called Strike 0-1: Ball 1-1: Ball 2-1: Ball 3-1: Called Strike 3-2: Foul Ball, location: 2F 3-2: Grounds into double play, 5-4-3 (Groundball, 56, EV 90.6 MPH) Khalil Walker to third
|
|
Batting: LHB Darryl Gonnella
|
0-0: Ball 1-0: Ball 2-0: TRIPLE (Flyball, 89XD, EV 100.6 MPH) Khalil Walker scores
|
|
Batting: RHB James Huddleston
|
0-0: Called Strike 0-1: Ball 1-1: Called Strike 1-2: Strikes out looking
|
| Bottom of the 6th over - 1 run, 1 hit, 0 errors, 1 left on base; Portland 0 - Montgomery 2 |
| TOP OF THE 7TH |
|
Portland Sea Dogs batting - Pitching for Montgomery Biscuits : RHP Miguel Romero
|
|
Batting: LHB Sergio Tinoco
|
0-0: Foul Ball, location: 2F 0-1: Ball 1-1: SINGLE (Line Drive, 6MD, EV 103.1 MPH)
|
|
Batting: RHB Ernie Genier
|
0-0: Ball 1-0: Foul Ball, location: 2F 1-1: Foul Ball, location: 2F 1-2: Foul Ball, location: 2F 1-2: 2-RUN HOME RUN (Flyball, 7D, EV 95.0 MPH), Distance : 365 ft
|
|
Batting: LHB David Moore
|
0-0: Called Strike 0-1: Ball 1-1: Ball 2-1: Ball 3-1: Base on Balls
|
|
Batting: RHB Alex Melendez
|
0-0: Ball 1-0: Ball 2-0: Ball 3-0: Base on Balls David Moore to second
|
|
Batting: RHB Mike Batko
|
0-0: Ball 1-0: Foul Ball, location: 2F 1-1: Ball 2-1: SINGLE (Groundball, 13S, EV 74.4 MPH) (infield hit) David Moore to third Alex Melendez to second
|
|
Pitching: LHP Tim Pulliam
|
|
|
Batting: RHB Zi-jing Wang
|
0-0: Ball 1-0: Ball 2-0: SINGLE (Groundball, 4MD, EV 103.8 MPH) David Moore scores Alex Melendez to third Mike Batko to second
|
|
Batting: SHB Gus Cruz
|
0-0: Foul Ball, location: 2F 0-1: Swinging Strike 0-2: Strikes out swinging
|
|
Batting: RHB Frank Sokolosky
|
0-0: Ball 1-0: Fly out, F8 (Flyball, 8RS, EV 93.1 MPH)
|
|
Batting: LHB Dave Reyes
|
0-0: Called Strike 0-1: Ball 1-1: Swinging Strike 1-2: Strikes out swinging
|
| Top of the 7th over - 3 runs, 4 hits, 0 errors, 3 left on base; Portland 3 - Montgomery 2 |
| BOTTOM OF THE 7TH |
|
Montgomery Biscuits batting - Pitching for Portland Sea Dogs : RHP Juan Mejia
|
|
Pitching: RHP Joseph Anderson
|
|
|
Batting: RHB John Downing
|
0-0: Foul Ball, location: 2F 0-1: Ball 1-1: SINGLE (Groundball, 6MD, EV 109.4 MPH)
|
|
Batting: RHB Freddy Mullen
|
0-0: Sac Bunt to 2R - play at first, batter OUT! 2-3 John Downing to second
|
|
Batting: RHB Dave Galloway
|
0-0: Foul Ball, location: 2F 0-1: Called Strike 0-2: Ball 1-2: Foul Ball, location: 2F 1-2: Ball 2-2: Ball 3-2: Base on Balls
|
|
Batting: LHB Angel Ruvalcaba
|
0-0: Foul Ball, location: 2F 0-1: Ball 1-1: Foul Ball, location: 2F 1-2: SINGLE (Line Drive, 89S, EV 108.1 MPH) John Downing to third Dave Galloway to second
|
|
Batting: RHB Khalil Walker
|
0-0: Swinging Strike 0-1: Ball 1-1: Ball 2-1: Ball 3-1: Called Strike 3-2: Foul Ball, location: 2F 3-2: Foul Ball, location: 2F 3-2: Strikes out swinging
|
|
Batting: RHB Roberto Aispuro
|
0-0: Foul Ball, location: 2F 0-1: Ball 1-1: Fielders Choice at 2nd, 6-4 (Groundball, 6, EV 99.4 MPH)
|
| Bottom of the 7th over - 0 runs, 2 hits, 0 errors, 3 left on base; Portland 3 - Montgomery 2 |
| TOP OF THE 8TH |
|
Portland Sea Dogs batting - Pitching for Montgomery Biscuits : LHP Tim Pulliam
|
|
Pitching: RHP Jaime Astacio
|
|
|
Batting: LHB Sergio Tinoco
|
0-0: SINGLE (Groundball, 3D, EV 103.1 MPH)
|
|
Batting: RHB Ernie Genier
|
0-0: Ball 1-0: Called Strike 1-1: Foul Ball, location: 2F 1-2: Strikes out swinging
|
|
Batting: LHB David Moore
|
0-0: Swinging Strike 0-1: Called Strike 0-2: Foul Ball, location: 2F 0-2: Strikes out swinging
|
|
Batting: RHB Alex Melendez
|
0-0: Ball 1-0: Ball 2-0: Ball 3-0: Called Strike 3-1: Base on Balls Sergio Tinoco to second
|
|
Batting: RHB Mike Batko
|
0-0: Fielders Choice at 2nd, 5-4 (Groundball, 56, EV 105.6 MPH)
|
| Top of the 8th over - 0 runs, 1 hit, 0 errors, 2 left on base; Portland 3 - Montgomery 2 |
| BOTTOM OF THE 8TH |
|
Montgomery Biscuits batting - Pitching for Portland Sea Dogs : RHP Joseph Anderson
|
|
Pitching: LHP Jon Convery
|
|
|
Batting: LHB Eric Toney
|
0-0: Ball 1-0: Foul Ball, location: 2F 1-1: Ball 2-1: Foul Ball, location: 2F 2-2: Ground out 4-3 (Groundball, 4, EV 93.1 MPH)
|
|
Batting: LHB Darryl Gonnella
|
0-0: Ball 1-0: Ball 2-0: Ball 3-0: Called Strike 3-1: Swinging Strike 3-2: Foul Ball, location: 2F 3-2: Strikes out swinging
|
|
Batting: RHB James Huddleston
|
0-0: Ball 1-0: Ball 2-0: Called Strike 2-1: Swinging Strike 2-2: Strikes out swinging
|
| Bottom of the 8th over - 0 runs, 0 hits, 0 errors, 0 left on base; Portland 3 - Montgomery 2 |
| TOP OF THE 9TH |
|
Portland Sea Dogs batting - Pitching for Montgomery Biscuits : RHP Jaime Astacio
|
|
Batting: RHB Zi-jing Wang
|
0-0: Ball 1-0: Foul Ball, location: 2F 1-1: Ball 2-1: Foul Ball, location: 2F 2-2: Strikes out swinging
|
|
Batting: SHB Gus Cruz
|
0-0: Ground out 3-1 (Groundball, 34, EV 83.1 MPH)
|
|
Batting: RHB Frank Sokolosky
|
0-0: Foul Ball, location: 2F 0-1: Swinging Strike 0-2: Ball 1-2: Foul Ball, location: 2F 1-2: Ball 2-2: Foul Ball, location: 2F 2-2: Foul Ball, location: 2F 2-2: Ground out 5-3 (Groundball, 56, EV 83.8 MPH)
|
| Top of the 9th over - 0 runs, 0 hits, 0 errors, 0 left on base; Portland 3 - Montgomery 2 |
| BOTTOM OF THE 9TH |
|
Montgomery Biscuits batting - Pitching for Portland Sea Dogs : LHP Jon Convery
|
|
Pitching: RHP Elliot Monroe
|
|
|
Batting: RHB John Downing
|
0-0: Ball 1-0: Ball 2-0: Ground out 4-3 (Groundball, 4, EV 80.6 MPH)
|
|
Batting: RHB Freddy Mullen
|
0-0: Ball 1-0: Ball 2-0: Foul Ball, location: 2F 2-1: Called Strike 2-2: Foul Ball, location: 2F 2-2: Foul Ball, location: 2F 2-2: Strikes out looking
|
|
Batting: RHB Dave Galloway
|
0-0: Foul Ball, location: 2F 0-1: Ball 1-1: Ball 2-1: Ball 3-1: Swinging Strike 3-2: Ground out 5-3 (Groundball, 5, EV 82.5 MPH)
|
| Bottom of the 9th over - 0 runs, 0 hits, 0 errors, 0 left on base; Portland 3 - Montgomery 2 |
|